 Dungeon Crawl Stone Soup version 0.17-a0-719-g32c6a46 (webtiles) character file.

186 Kisielow the Purveyor of Pain (level 5, -9/28 HPs)
             Began as a Deep Elf Necromancer on Apr 20, 2015.
             Was an Initiate of Kikubaaqudgha.
             Killed from afar by Natasha (10 damage)
             ... with a wand of frost
             ... on level 3 of the Dungeon.
             The game lasted 00:11:49 (2999 turns).

Kisielow the Purveyor of Pain (DENe)                Turns: 2999, Time: 00:11:49

Health: -9/28      AC:  3    Str:  5    XL:     5   Next: 38%
Magic:  2/14       EV: 18    Int: 21    God:    Kikubaaqudgha [......]
Gold:   178        SH:  0    Dex: 15    Spells: 4 memorised, 4 levels left

rFire  . . .     SeeInvis .     i - +1 short sword (venom)
rCold  . . .     Clarity  .     a - +0 robe
rNeg   . . .     SustAb   .     (no shield)
rPois  .         Gourm    .     (no helmet)
rElec  .         Spirit   .     k - +0 cloak (curse)
rCorr  .         Warding  .     (no gloves)
rMut   .         Stasis   .     (no boots)
MR     .....                    (no amulet)
Stlth  ++........               j - +4 ring of slaying
                                s - +5 ring of evasion

@: not resistant to hostile enchantments, unstealthy
A: no striking features
a: Renounce Religion


You were on level 3 of the Dungeon.
You worshipped Kikubaaqudgha.
Kikubaaqudgha was noncommittal.
You were not hungry.

You visited 1 branch of the dungeon, and saw 3 of its levels.

You collected 178 gold pieces.

Inventory:

Hand weapons
 i - a +1 short sword of venom (weapon)
Armour
 a - a +0 robe (worn)
 k - a cursed +0 cloak (worn)
Jewellery
 h - an uncursed ring of flight
 j - a +4 ring of slaying (right hand)
 l - an uncursed amulet of guardian spirit
 s - a +5 ring of evasion (left hand)
Scrolls
 e - a scroll of blinking {unknown}
 g - 4 scrolls of identify {unknown}
 m - a scroll of noise {unknown}
 n - a scroll of fog {unknown}
 p - a scroll of fear {unknown}
Potions
 d - 2 potions of brilliance {unknown}
 f - a potion of curing {unknown}
 q - a potion of haste {unknown}
 r - a potion of poison {unknown}
Books
 b - a book of Necromancy

   Spells                             Type                      Level
   a - Pain                           Necromancy                   1
   b - Animate Skeleton               Necromancy                   1
   c - Vampiric Draining              Necromancy                   3
   d - Regeneration                   Charms/Necromancy            3
   e - Animate Dead                   Necromancy                   4
   f - Control Undead                 Necromancy                   4
Comestibles
 c - 3 bread rations
 o - a meat ration
 t - a chunk of flesh


   Skills:
 * Level 0.5 Fighting
 * Level 2.9 Dodging
 - Level 2.4 Stealth
 + Level 4.6 Spellcasting
 - Level 7.0 Necromancy


You had 4 spell levels left.
You knew the following spells:

 Your Spells              Type           Power        Failure   Level  Hunger
a - Pain                  Necr           ####         1%          1    None
b - Animate Dead          Necr           N/A          8%          4    ####...
r - Regeneration          Chrm/Necr      ###.......   10%         3    ##.....
z - Animate Skeleton      Necr           N/A          1%          1    None


Dungeon Overview and Level Annotations

Branches:
Dungeon (3/15)

Altars:
Kikubaaqudgha

Annotations:
D:3 Natasha


Message History

Aim: Natasha (chance 84%) Natasha convulses in agony!
Natasha claws you!
Your orc zombie hits Natasha with a flail.
Casting: Pain
Confirm with . or Enter, or press ? or * to list all spells.
Aiming: Pain
Press: ? - help, Shift-Dir - straight line, f/p - Natasha
Aim: Natasha (heavily wounded, chance 84%) Natasha convulses in agony!
Natasha zaps a wand.
The puff of frost hits you!
* * * LOW HITPOINT WARNING * * *
It is a wand of frost {zapped: 1}.
Natasha claws Natasha.
Casting: Pain
Confirm with . or Enter, or press ? or * to list all spells.
Aiming: Pain
Press: ? - help, Shift-Dir - straight line, f/p - Natasha
Aim: Natasha, carrying a wand of frost {zapped: 2} (almost dead, chance 84%) Natasha barely resists.
Your orc zombie barely misses Natasha.
Natasha zaps a wand.
The puff of frost hits you!
You die...
Kikubaaqudgha rasps: "You have failed me!
Welcome... death!"

##+## #.# ##...## #.#
#.....## ####.# .......##
##.##.#
........####...#.####.##.
........'................
........####...#(#######.
......Z## ##.#ZhZ##
#.....## ##.Z@Z.#
##...##### ##.Z.##
#.....ZZ# ##.## #..####.#
#.# #..# #.# #.#
##..####Z# #.# ..(....#.#
#.# #......#.# #.#
##.......#######.#


You could see Natasha, 3 friendly orc zombies, the friendly Natasha the felid
zombie and a friendly hound skeleton.

Vanquished Creatures
  A hound (D:3)
  Natasha (D:3)
  4 adders (D:2)
  A worm (D:2)
  3 giant geckos
  7 orcs (D:3)
  12 bats
  3 giant cockroaches (D:1)
  9 hobgoblins
  A quokka (D:3)
  A ball python (D:3)
  4 giant newts (D:1)
  11 goblins
  12 kobolds
  3 rats
73 creatures vanquished.

Vanquished Creatures (collateral kills)
  An adder (D:3)
  A bat zombie (D:2)
  3 rat zombies (D:2)
5 creatures vanquished.

Grand Total: 78 creatures vanquished

Notes
Turn   | Place    | Note
--------------------------------------------------------------
     0 | D:1      | Kisielow, the Deep Elf Necromancer, began the quest for the Orb.
     0 | D:1      | Reached XP level 1. HP: 10/10 MP: 6/6
    16 | D:1      | Reached skill level 5 in Necromancy
   179 | D:1      | Learned a level 1 spell: Animate Skeleton
   520 | D:1      | Reached XP level 2. HP: 12/15 MP: 6/8
  1389 | D:1      | Reached XP level 3. HP: 17/19 MP: 7/10
  1394 | D:1      | Learned a level 3 spell: Regeneration
  1772 | D:2      | Reached skill level 6 in Necromancy
  1896 | D:2      | Reached XP level 4. HP: 22/24 MP: 3/12
  1903 | D:2      | Learned a level 4 spell: Animate Dead
  2157 | D:2      | Found an ancient bone altar of Kikubaaqudgha.
  2166 | D:2      | Became a worshipper of Kikubaaqudgha
  2753 | D:3      | Reached skill level 7 in Necromancy
  2923 | D:3      | Reached XP level 5. HP: 19/28 MP: 3/13
  2969 | D:3      | Noticed Natasha
  2971 | D:3      | Killed Natasha
  2996 | D:3      | Noticed Natasha
  2998 | D:3      | HP: 1/28 [Natasha/wand of frost (8)]
  2999 | D:3      | Killed from afar by Natasha

Action                   |  1- 3 |  4- 6 || total
-------------------------+-------+-------++-------
Melee: Short sword       |       |     2 ||     2
 Cast: Pain              |    71 |    59 ||   130
       Animate Skeleton  |    17 |     3 ||    20
       Regeneration      |     1 |     1 ||     2
       Animate Dead      |       |    10 ||    10
  Eat: Chunk             |     3 |     3 ||     6
       Beef jerky        |       |     1 ||     1
